 Dungeon Crawl Stone Soup version 0.31.0-11-ge490571c62 (webtiles) character file.

Game seed: 3458741556452961713

37 James the Grave Robber (level 3, -5/24 HPs)
             Began as a Human Necromancer on Feb 8, 2024.
             Slain by a ribbon worm (6 damage)
             ... on level 2 of the Dungeon.
             The game lasted 00:04:42 (1526 turns).

James the Grave Robber (Human Necromancer)          Turns: 1526, Time: 00:04:42

Health: -5/24      AC:  2    Str:  8    XL:     3   Next: 39%
Magic:  1/8        EV: 12    Int: 17    God:
Gold:   52         SH:  0    Dex: 13    Spells: 5/9 levels left

rFire   . . .        c - +0 dagger
rCold   . . .        (no shield)
rNeg    . . .        a - +0 robe
rPois   .            (no helmet)
rElec   .            (no cloak)
rCorr   .            (no gloves)
SInv    .            (no boots)
Will    .....        (no amulet)
Stlth   ++           (no ring)
HPRegen 0.24/turn    (no ring)
MPRegen 0.11/turn

%: no passive effects
@: no status effects
A: explore regen
a: no special abilities


You were on level 2 of the Dungeon.
You visited 1 branch of the dungeon, and saw 2 of its levels.

You collected 52 gold pieces.

Inventory:

Hand Weapons
 c - a +0 dagger (weapon)
   (You took it off a goblin on level 1 of the Dungeon)
 p - a +0 long sword
   (You found it on level 2 of the Dungeon)
Missiles
 n - 16 stones
Armour
 a - a +0 robe (worn)
 h - a +0 leather armour
   (You found it on level 1 of the Dungeon)
Scrolls
 e - a scroll of revelation {unknown}
 f - a scroll of teleportation {unknown}
 g - a scroll of butterflies {unknown}
 i - a scroll of fog {unknown}
 j - 2 scrolls of vulnerability {unknown}
 k - a scroll of poison {unknown}
Potions
 b - a potion of magic
 d - 2 potions of brilliance {unknown}
 l - a potion of invisibility {unknown}
 m - a potion of haste {unknown}
 o - a potion of might {unknown}


   Skills:
 - Level 2.0 Dodging
 - Level 2.0 Stealth
 + Level 3.5 Spellcasting
 - Level 4.0 Necromancy


You had 5 spell levels left.
You knew the following spells:

 Your Spells              Type           Power      Damage    Failure   Level
a - Necrotise             Necr           64%        1d7       3%          1
q - Vampiric Draining     Necr           16%        2d7       10%         3

Your spell library contained the following spells:

 Spells                   Type           Power      Damage    Failure   Level
 Animate Dead             Necr           16%        N/A       32%         4
 Curse of Agony           Necr           16%        N/A       65%         5


Dungeon Overview and Level Annotations

Branches:
Dungeon (2/15)

Altars:


Innate Abilities, Weirdness & Mutations

You regain HP and MP as you explore.


Message History

The stream of webbing hits you but does no damage.
You are caught in a web!
Press: ? - help, Shift-Dir - straight line, f/p - ribbon worm
Aim: a ribbon worm (lightly wounded, chance to affect: 80%)
The ribbon worm writhes in agony.
Press: ? - help, Shift-Dir - straight line, f/p - ribbon worm
Aim: a ribbon worm (lightly wounded, chance to affect: 80%)
The ribbon worm writhes in agony.
Press: ? - help, Shift-Dir - straight line, f/p - ribbon worm
Aim: a ribbon worm (heavily wounded, chance to affect: 80%)
The ribbon worm writhes in agony.
Press: ? - help, Shift-Dir - straight line, f/p - ribbon worm
Aim: a ribbon worm (severely wounded, chance to affect: 80%)
The ribbon worm writhes in agony.
The ribbon worm expels a string of sticky webbing.
The stream of webbing hits you but does no damage.
You are even more entangled.
The web tears apart.
The ribbon worm bites you.
You hit the ribbon worm but do no damage.
You hit the ribbon worm. The ribbon worm misses you.
Press: ? - help, Shift-Dir - straight line, f/p - ribbon worm
Aim: a ribbon worm (severely wounded, chance to affect: 80%)
The ribbon worm barely resists.
The ribbon worm barely misses you.
You barely miss the ribbon worm.
The ribbon worm expels a string of sticky webbing.
The stream of webbing hits you but does no damage.
You are caught in a web!
The web tears apart.
The ribbon worm expels a string of sticky webbing.
The stream of webbing hits you but does no damage.
You are caught in a web!
The web tears apart.
You hit the ribbon worm but do no damage.
The ribbon worm bites you.
Press: ? - help, Shift-Dir - straight line, f/p - ribbon worm
Aim: a ribbon worm (heavily wounded, catching its breath, chance to affect: 80%)
The ribbon worm writhes in agony.
The ribbon worm bites you.
* * * LOW HITPOINT WARNING * * *
Press: ? - help, Shift-Dir - straight line, f/p - ribbon worm
Aim: a ribbon worm (almost dead, chance to affect: 80%)
The ribbon worm barely resists.
The ribbon worm bites you!
* * * LOW HITPOINT WARNING * * *
You don't have enough magic to cast this spell.
Unknown command.
The ribbon worm attacks as it pursues you!
The ribbon worm bites you.
* * * LOW HITPOINT WARNING * * *
The ribbon worm attacks as it pursues you!
The ribbon worm bites you.
You die...

.......#.# #....#....#
####.....## #....####.#
#......##### ##.### #.#
#....#.....## #...# #.#
#....#####..#####.# #.#
#....# ##..# #.# #.#
#....# ##.## #.# #.#
#....#######..###.####.#
.............@>........#
##....#########w#########
#.# #####.# #####.....#
#.......###
#.............
#.......#####. #.$.....#


You could see a ribbon worm.

Vanquished Creatures
  An adder (D:2)
  2 dart slugs (D:1)
  An endoplasm (D:1)
  A giant cockroach (D:1)
  2 goblins (D:1)
  2 hobgoblins (D:1)
  A quokka (D:1)
  6 ball pythons
  4 frilled lizards (D:1)
  4 rats (D:1)
24 creatures vanquished.

Vanquished Creatures (collateral kills)
  A rat (D:1)
1 creature vanquished.

Grand Total: 25 creatures vanquished

Notes
Turn   | Place    | Note
-------+----------+-------------------------------------------
     0 | D:1      | James the Human Necromancer began the quest for the Orb.
     0 | D:1      | Reached XP level 1. HP: 13/13 MP: 3/3
   422 | D:1      | Reached XP level 2. HP: 19/19 MP: 3/5
   877 | D:1      | Reached XP level 3. HP: 24/24 MP: 5/7
   906 | D:1      | Learned a level 3 spell: Vampiric Draining
  1524 | D:2      | HP: 1/24 [ribbon worm (5)]
  1526 | D:2      | Slain by a ribbon worm

Illustrated notes

Levels and vault maps discovered:
D:1:      nzn_arrival_crosshair, layout_loops_corners
D:2:      layout_basic, grunt_ministairs_6

Skill      XL: |  1  2 |
---------------+-------+-----
Spellcasting   | 3 |  3.5
Dodging        | |  2.0
Stealth        | |  2.0
Necromancy     | |  4.0

Action                     || total
---------------------------++-------
  Melee: Dagger            ||    58
         Unarmed           ||     1
   Cast: Necrotise         ||    34
   Stab: Sleeping          ||     4
 Armour: Robe              ||    32
  Dodge: Dodged            ||    54
